 Dungeon Sprint DCSS version 0.23-l0-1-gf28a5f5b01 (console) character file.

9461 hilarita the Dancer (level 11, -4/63 HPs)
             Began as a Vine Stalker Fighter on June 12, 2020.
             Was a High Priest of Uskayaw.
             Slain by an orc warrior
             ... wielding a +0 trident
              (15 damage)
             ... in the Dungeon (Sprint IX: "|||||||||||||||||||||||||||||").
             The game lasted 00:05:56 (1161 turns).

hilarita the Dancer (Vine Stalker Fighter)          Turns: 1161, Time: 00:05:57

Health: -4/63      AC: 17    Str: 22    XL:     11   Next: 46%
Magic:  0/23       EV: 12    Int: 11    God:    Uskayaw [*****.]
Gold:   670        SH: 13    Dex: 14    Spells: 10/10 levels left

rFire    . . .     SeeInvis .   a - +2 scimitar (holy)
rCold    . . .     Gourm    .   c - +0 shield
rNeg     . . .     Faith    .   r - +1 chain mail
rPois    .         Spirit   +   y - +0 helmet
rElec    .         Warding  .   (no cloak)
rCorr    .         Reflect  .   A - +0 pair of gloves
MR       +....     Harm     .   q - +0 pair of boots Stlth ..........NoTele +
                                (no amulet)
HPRegen  0.60/turn              m - +2 ring of evasion
MPRegen  0.18/turn              o - +3 ring of intelligence

@: no status effects
A: fangs 3, regeneration 1, magic shield, antimagic bite, no potion heal 3, rot
immunity
a: Stomp, Line Pass, Grand Finale, Renounce Religion


You were in the Dungeon.
You worshipped Uskayaw.
Uskayaw was pleased with you.
You were not hungry.

You visited 1 branch You collected 670 gold pieces.

Inventory:

Hand Weapons
 a - a +2 scimitar of holy wrath (weapon)
 b - a +2 rapier of draining
Armour
 c - a +0 shield (worn)
 q - a +0 pair of boots (worn)
 r - a +1 chain mail (worn)
 y - a +0 helmet (worn)
 A - a +0 pair of gloves (worn)
Jewellery
 m - a +2 ring of evasion (left hand)
 o - a +3 ring of intelligence (right hand)
Wands
 n - a wand of iceblast (10 charges)
Scrolls
 g - 4 scrolls of remove curse
 k - 2 scrolls of blinking
 l - 2 scrolls of amnesia
 p - 2 scrolls of fog
 u - a scroll of identify
 v - a scroll of fear
 w - 2 scrolls of enchant weapon
Potions
 d - a potion of might
 e - 6 potions of curing
 h - a potion of haste
 i - 4 potions of magic
 j - a potion of invisibility
 t - a potion of resistance
Comestibles
 f - 13 bread rations
 s - 3 chunks of flesh
 x - 40 fruits
 z - 12 meat rations


   Skills:
 - Level 10.1 Fighting
 - Level 10.0 Long Blades
 - Level 10.0 Armour
 + Level 4.9 Dodging
 + Level 11.4 Shields
 * Level 15.3 Invocations


You had 10 spell levels left.
You didn't know any spells.
Your spell library was empty.

Dungeon Overview and Level Annotations

Branches:
Dungeon (1/1)

Altars:
Cheibriados
Dithmenos
Elyvilon
Fedhas
Gozag
Hepliaklqana
Kikubaaqudgha
Makhleb
Nemelex Xobeh
Okawaru
Qazlal
Ru
Sif Muna
Trog
Uskayaw
Vehumet
Wu Jian
Xom
Yredelemnul
Zin
The Shining One
Beogh
Jiyva
Lugonu


Innate Abilities, Weirdness & Mutations

You have razor-sharp teeth.
Your natural rate of healing is unusually fast.
When hurt, damage is shared between your health and your magic reserves.
Your bite disrupts and absorbs the magic of your enemies.
Potions cannot restore your health.
You are immune to rotting.


Message History

The orc knight roars a battlecry!
The orc warrior goes into a battle-frenzy!
The orc warrior barely misses you.
You riposte.
You slice the orc warrior!!
You kill the orc warrior!
An orc warrior comes into view. It is wielding a trident.
The orc warrior shouts!
The orc warrior is no longer sharing its pain.
The orc knight is no longer sharing its pain.
The orc warrior hits you with a scimitar.
* * * LOW HITPOINT WARNING * * *
Items here: $ ) [ † a halberd; a chain mail; 50 gold pieces; an orc corpse
Aiming: Line Pass
Press: ? - help, Dir - move target cursor The orc warrior appears confused.
The orc knight appears confused.
The orc warrior appears confused.
You feel somewhat more hungry.
An orc warrior comes into view. It is wielding a trident.
The orc warrior shouts!
The orc warrior hits you from afar with a trident!
You die...

▓_▓.▓.▓.▓.▓
▓_▓.▓.▓.▓.▓
▓_▓.▓.▓.▓)▓
▓_▓.▓.▓.▓)▓
▓_▓.▓.▓.▓)▓
▓_▓.▓.▓.▓)▓
▓_▓.▓'▓.▓)▓
▓_▓.▓†▓.▓o▓
▓_▓.▓†▓.▓o▓
▓_▓.▓.▓.▓o▓
▓_▓.▓.▓.▓@▓
▓_▓.▓.▓.▓.▓
▓_▓.▓.▓.▓o▓
▓_▓.▓.▓.▓o▓
▓_▓.▓.▓.▓.▓
▓_▓.▓.▓.▓+▓
▓'▓.▓'▓.▓
▓!▓.▓†▓.▓
▓.▓.▓.▓.▓
▓|▓.▓.▓.▓
▓)▓.▓†▓.▓


You could see an orc knight (confused) and 4 orc warriors.

Vanquished Creatures
  A catoblepas (D)
  4 death yaks (D)
  2 orc knights (D)
  Joseph (D)
  2 black mambas (D)
  A gargoyle (D)
  2 spiny frogs (D)
  A hornet (D)
  2 hippogriffs (D)
  A wyvern (D)
  5 yaks (D)
  A basilisk (D)
  2 water moccasins (D)
  A porcupine (D)
  6 orc warriors (D)
  An ice beast (D)
  A sky beast (D)
  A wolf (D)
  A centaur (D)
  4 crocodiles (D)
  5 bullfrogs (D)
  A jelly (D)
  4 orc wizards (D)
  4 orc priests (D)
  A worker ant (D)
  A leopard gecko (D)
  6 orcs (D)
  A giant cockroach (D)
  A goblin (D)
  A hobgoblin (D)
  A kobold (D)
  A weasel (D)
  A frilled lizard (D)
  A leopard gecko zombie (D)
69 creatures vanquished.

Notes
Turn   | Place    | Note
-------+----------+-------------------------------------------
     0 | D        | hilarita the Vine Stalker Fighter began the quest for the
                  | Orb.
     0 | D        | Reached XP level 1. HP: 11/11 MP: 2/2
   179 | D        | Noticed a worker ant
   179 | D        | Noticed a centaur
   182 | D        | Reached XP level 2. HP: 15/16 MP: 3/3
   194 | D        | Reached XP level 3. HP: 13/21 MP: 2/4
   202 | D        | Killed a centaur
   202 | D        | Reached skill level 5 in Long Blades
   202 | D        | Gained mutation: Your natural rate of healing is unusually
                  | fast. [Vine Stalker growth]
   202 | D        | Reached XP level 4. HP: 7/26 MP: 5/5
   208 | D        | Found a roughly hewn altar of Beogh.
   208 | D        | Found a snail-covered altar of Cheibriados.
   208 | D        | Found a shadowy altar of Dithmenos.
   208 | D        | Found a white marble altar of Elyvilon.
   208 | D        | Found a blossoming altar of Fedhas.
   208 | D        | Found an opulent altar of Gozag.
   209 | D        | Found a hazy altar of Hepliaklqana.
   210 | D        | Found a viscous altar of Jiyva.
   211 | D        | Found an ancient bone altar of Kikubaaqudgha.
   212 | D        | Found a corrupted altar of Lugonu.
   213 | D        | Found a burning altar of Makhleb.
   214 | D        | Found a sparkling altar of Nemelex Xobeh.
   215 | D        | Found an iron altar of Okawaru.
   216 | D        | Found a stormy altar of Qazlal.
   217 | D        | Found a sacrificial altar of Ru.
   218 | D        | Found a deep blue altar of Sif Muna.
   219 | D        | Found a bloodstained altar of Trog.
   220 | D        | Found a hide-covered altar of Uskayaw.
   221 | D        | Found a radiant altar of Vehumet.
   222 | D        | Found an ornate altar of the Wu Jian Council.
   223 | D        | Found a shimmering altar of Xom.
   224 | D        | Found a basalt altar of Yredelemnul.
   225 | D        | Found a glowing silver altar of Zin.
   226 | D        | Found a glowing golden altar of the Shining One.
   230 | D        | Became a worshipper of Uskayaw the Reveler
   278 | D        | Noticed a bullfrog
   278 | D        | Noticed a sky beast
   278 | D        | Noticed a bullfrog
   278 | D        | Noticed an ice beast
   281 | D        | Killed a bullfrog
   281 | D        | Reached skill level 5 in Fighting
   281 | D        | Reached skill level 5 in Shields
   281 | D        | Reached skill level 2 in Invocations
   281 | D        | Reached XP level 5. HP: 30/30 MP: 5/8
   281 | D        | Reached * piety under Uskayaw
   281 | D        | Reached ** piety under Uskayaw
   286 | D        | Reached *** piety under Uskayaw
   288 | D        | Killed a sky beast
   288 | D        | Reached skill level 5 in Armour
   288 | D        | Reached skill level 4 in Invocations
   288 | D        | Reached XP level 6. HP: 30/35 MP: 6/10
   288 | D        | Reached **** piety under Uskayaw
   294 | D        | Reached skill level 5 in Invocations
   295 | D        | Reached ***** piety under Uskayaw
   296 | D        | Killed an ice beast
   296 | D        | Reached XP level 7. HP: 36/40 MP: 8/12
   326 | D        | Noticed a gargoyle
   326 | D        | Noticed a wyvern
   326 | D        | Noticed a hornet
   326 | D        | Noticed a yak
   338 | D        | Killed a gargoyle
   338 | D        | Reached skill level 7 in Invocations
   341 | D        | Killed a wyvern
   341 | D        | Gained mutation: You have razor-sharp teeth. [Vine Stalker
                  | growth]
   341 | D        | Reached XP level 8. HP: 15/45 MP: 14/14
   342 | D        | Killed a hornet
   342 | D        | Reached skill level 8 in Invocations
   350 | D        | Killed a yak
   518 | D        | Noticed a yak
   518 | D        | Noticed a hippogriff
   518 | D        | Noticed a hippogriff
   522 | D        | Killed a yak
   524 | D        | Reached skill level 10 in Long Blades
   524 | D        | Reached skill level 9 in Invocations
   529 | D        | Killed a hippogriff
   529 | D        | Reached XP level 9. HP: 45/51 MP: 12/17
   530 | D        | Noticed a spiny frog
   532 | D        | Reached skill level 10 in Invocations
   532 | D        | Noticed a black mamba
   539 | D        | Killed a spiny frog
   539 | D        | Reached ****** piety under Uskayaw
   545 | D        | Killed a black mamba
   545 | D        | Reached skill level 11 in Invocations
   644 | D        | Noticed a black mamba
   652 | D        | Noticed a spiny frog
   654 | D        | Killed a black mamba
   657 | D        | Reached XP level 10. HP: 35/58 MP: 15/19
   668 | D        | Reached skill level 12 in Invocations
   671 | D        | Killed a spiny frog
   764 | D        | Noticed a death yak
   764 | D        | Noticed a death yak
   764 | D        | Noticed a catoblepas
   764 | D        | Noticed a death yak
   765 | D        | Noticed a death yak
   774 | D        | HP: 2/58 [death yak (17)]
   777 | D        | Killed a death yak
   780 | D        | Reached skill level 13 in Invocations
   780 | D        | Killed a death yak
   780 | D        | Reached skill level 10 in Fighting
   780 | D        | Reached skill level 10 in Shields
   783 | D        | Killed a catoblepas
   783 | D        | Reached skill level 1 in Dodging
   785 | D        | Killed a death yak
   785 | D        | Reached skill level 14 in Invocations
   785 | D        | Reached XP level 11. HP: 5/63 MP: 22/22
   788 | D        | Killed a death yak
   788 | D        | Reached skill level 10 in Armour
   923 | D        | Noticed Joseph
   934 | D        | Killed Joseph
  1109 | D        | Noticed an orc knight
  1111 | D        | Noticed an orc knight
  1126 | D        | Killed an orc knight
  1129 | D        | Reached skill level 15 in Invocations
  1133 | D        | Noticed an orc knight
  1155 | D        | Killed an orc knight
  1161 | D        | Slain by an orc warrior

Vault maps used:
D:        linesprint

Skill      XL: |  1  2  3  4  5  6  7  8  9 10 11 |
---------------+----------------------------------+-----
Long Blades    | 2 3 5 6 7 9 10 | 10.0
Fighting       | 3 4 5 6 7 9 10 | 10.1
Shields        | 3 4 5 6 7 9 10 11 | 11.4
Armour         | 3 4 5 6 7 8 9 10 | 10.0
Invocations    | 2 4 5 7 9 11 14 15 | 15.3
Dodging        | 2 4 |  4.9

Action                   |  1- 3 |  4- 6 |  7- 9 | 10-12 || total
-------------------------+-------+-------+-------+-------++-------
Melee: Long sword        |    44 |       |       |       ||    44
       Bite              |    10 |     6 |    25 |    43 ||    84
       Scimitar          |       |    18 |    58 |   114 ||   190
Invok: Line Pass         |       |       |     1 |     2 ||     3
  Use: Potion            |     1 |       |       |     1 ||     2
 Stab: Paralysed         |       |     1 |     4 |    10 ||    15
       Confused          |       |       |       |     1 ||     1
  Eat: Chunk             |       |       |       |     2 ||     2
Armor: Scale mail        |    15 |       |       |       ||    15
       Chain mail        |       |    12 |    10 |    19 ||    41
Dodge: Dodged            |     4 |     2 |    11 |    22 ||    39
Block: Shield            |    19 |     5 |    24 |    40 ||    88
       Rpst.: Long sword |     1 |       |       |       ||     1
       Scimitar          |       |     1 |     3 |     8 ||    12

Table legend:
 A = Spawn XP
 B = Non-spawn XP
 C = Spawn XP percentage of total XP
 D = Spawn monster count
 E = Non-spawn monster count
 F = Spawn count percentage of total count
 G = Total turns spent on level
                    A         B        C        D         E        F      G
               +---------+---------+-------+---------+---------+-------+---------
         Total |       0 |   13516 |   0.0 |       0 |      69 |   0.0 |  1161
               +---------+---------+-------+---------+---------+-------+---------
             D |       0 |   13516 |   0.0 |       0 |      69 |   0.0 |  1161
               +---------+---------+-------+---------+---------+-------+---------
